 Dungeon Crawl Stone Soup version 0.21-a0-552-g593960d (webtiles) character file.

123 Lasiace the Skirmisher (level 5, 0/59 HPs)
             Began as an Ogre Skald on Dec 16, 2017.
             Slain by a killer bee zombie (4 damage)
             ... on level 4 of the Dungeon.
             The game lasted 00:09:12 (2965 turns).

Lasiace the Skirmisher (Ogre Skald)                 Turns: 2965, Time: 00:09:12

Health: 0/59       AC:  3    Str: 15    XL:     5   Next: 7%
Magic:  5/8        EV: 10    Int: 14    God:
Gold:   198        SH:  0    Dex:  9    Spells: 2/8 levels left

rFire    . . .     SeeInvis .   a - +0 mace
rCold    . . .     Gourm    .   (no shield)
rNeg     . . .     Faith    .   d - +0 robe
rPois    +         Spirit   .   (helmet restricted)
rElec    .         Reflect  .   (no cloak)
rCorr    +         Harm     .   (gloves unavailable)
MR       .....                  (boots unavailable)
Stlth    +.........             I - amulet of rage
HPRegen  0.19/turn              L - ring of poison resistance
MPRegen  0.11/turn              K - ring of resist corrosion

@: no status effects
A: large, unfitting armour, tough skin 1
a: Evoke Berserk Rage


You were on level 4 of the Dungeon.
You were very hungry.

You visited 1 branch of the dungeon, and saw 4 of its levels.

You collected 198 gold pieces.

Inventory:

Hand Weapons
 a - a +0 mace (weapon)
Missiles
 g - 4 javelins (quivered) {@Q9 @f9}
 o - 45 poisoned needles
Armour
 d - a +0 robe (worn)
Jewellery
 I - an amulet of rage (around neck)
 K - a ring of resist corrosion (right hand)
 L - a ring of poison resistance (left hand)
 U - an uncursed ring of flight
Scrolls
 i - 4 scrolls of teleportation {@r3 !r}
 k - a scroll of fog {unknown}
 l - a scroll of remove curse {unknown}
 m - a scroll of identify {@r4}
 p - a scroll of noise {unknown}
 q - a scroll of fear {unknown}
 r - a scroll of enchant armour {unknown}
 s - a scroll of amnesia {unknown}
Potions
 c - a potion of might
 e - a potion of mutation {!q}
 n - a potion of flight
Books
 B - a book of Battle

   Spells                             Type                      Level
   a - Infusion                       Charms                       1
   b - Shroud of Golubria             Charms/Translocation         2
   c - Song of Slaying                Charms                       2
   d - Spectral Weapon                Hexes/Charms                 3
   e - Regeneration                   Charms/Necromancy            3
Comestibles
 b - 2 bread rations
 f - a royal jelly
 h - 2 meat rations
 j - 3 fruits


   Skills:
 - Level 6.0 Fighting
 + Level 2.7 Maces & Flails
 - Level 2.1 Dodging
 - Level 2.4 Spellcasting
 - Level 2.6 Charms


You had 2 spell levels left.
You knew the following spells:

 Your Spells              Type           Power        Failure   Level  Hunger
a - Infusion              Chrm           #...         8%          1    #......
g - Song of Slaying       Chrm           #.......     12%         2    ###....
h - Regeneration          Chrm/Necr      #.........   36%         3    ###....


Dungeon Overview and Level Annotations

Branches:
Dungeon (4/15)
 Temple: D:4-7

Altars:


Innate Abilities, Weirdness & Mutations

You are too large for most types of armour.
You have tough skin. (AC +1)


Message History

* * * LOW HITPOINT WARNING * * *
The killer bee zombie closely misses you.
You sock the killer bee zombie!
The killer bee zombie is almost destroyed.
You are no longer magically infusing your attacks.
The killer bee zombie hits you.
* * * LOW HITPOINT WARNING * * *
The killer bee zombie barely misses you.
You barely miss the killer bee zombie.
The killer bee zombie is almost destroyed.
The killer bee zombie hits you.
* * * LOW HITPOINT WARNING * * *
The killer bee zombie hits you.
* * * LOW HITPOINT WARNING * * *
The killer bee zombie hits you.
* * * LOW HITPOINT WARNING * * *
You closely miss the killer bee zombie.
The killer bee zombie is almost destroyed.
The killer bee zombie hits you.
You die...

#....# #....# ####
.....# #.. #.#..# #.#
#.#..#+#.# #.#......#
..##########.#......#
.......@ZOO.........#
...#########.##.#+#.####
......# #<.... ###.####
###.## #.# ... #.# .#
#.# .# #.# #


You could see 2 ogres and a killer bee zombie.

Vanquished Creatures
  5 adders
  2 worms
  2 dart slugs
  5 orcs (D:3)
  6 bats
  12 giant cockroaches
  5 goblins
  5 hobgoblins
  4 jackals
  3 kobolds (D:1)
  2 quokkas (D:2)
  A ball python (D:1)
  2 frilled lizards
  7 rats
61 creatures vanquished.

Notes
Turn   | Place    | Note
-------+----------+-------------------------------------------
     0 | D:1      | Lasiace the Ogre Skald began the quest for the Orb.
     0 | D:1      | Reached XP level 1. HP: 22/22 MP: 3/3
    57 | D:1      | Reached skill level 3 in Fighting
    83 | D:1      | Reached XP level 2. HP: 22/32 MP: 0/5
   295 | D:1      | Reached skill level 4 in Fighting
   571 | D:1      | Reached XP level 3. HP: 36/40 MP: 6/6
   705 | D:2      | Reached skill level 5 in Fighting
   777 | D:1      | HP: 2/42 [poisoned by an adder]
   785 | D:1      | HP: 1/42 [poisoned by an adder]
  1100 | D:2      | Reached XP level 4. HP: 47/52 MP: 3/7
  1132 | D:2      | Learned a level 2 spell: Song of Slaying
  1136 | D:2      | Learned a level 3 spell: Regeneration
  1280 | D:2      | Reached skill level 6 in Fighting
  2219 | D:3      | Reached XP level 5. HP: 34/59 MP: 3/8
  2672 | D:4      | Noticed an ogre
  2943 | D:4      | Noticed an ogre
  2947 | D:4      | Noticed an ogre
  2965 | D:4      | Slain by a killer bee zombie

Vault maps used:
D:1:      minmay_arrival_solitary_statue
D:2:      minmay_roachtagon
D:3:      minmay_misc_feat_cross, kennysheep_small_spiral, fountainhead
D:4:      uniq_natasha

Skill      XL: |  1  2  3  4 |
---------------+-------------+-----
Fighting       | 3 4 5 6 |  6.0
Maces & Flails | 2 |  2.7
Dodging        | |  2.1
Spellcasting   | |  2.4
Charms         | |  2.6

Action                   |  1- 3 |  4- 6 || total
-------------------------+-------+-------++-------
Melee: Mace              |    78 |   146 ||   224
 Cast: Infusion          |    12 |    13 ||    25
  Use: Scroll            |       |     4 ||     4
  Eat: Chunk             |     1 |     5 ||     6
Armor: Robe              |    46 |    56 ||   102
Dodge: Dodged            |    55 |    99 ||   154

Table legend:
 A = Spawn XP
 B = Non-spawn XP
 C = Spawn XP percentage of total XP
 D = Spawn monster count
 E = Non-spawn monster count
 F = Spawn count percentage of total count
 G = Total turns spent on level
                    A         B        C        D         E        F      G
               +---------+---------+-------+---------+---------+-------+---------
         Total |       0 |     177 |   0.0 |       0 |      61 |   0.0 |  2965
               +---------+---------+-------+---------+---------+-------+---------
           D:1 |       0 |      65 |   0.0 |       0 |      24 |   0.0 |  1031
           D:2 |       0 |      69 |   0.0 |       0 |      23 |   0.0 |   606
           D:3 |       0 |      41 |   0.0 |       0 |      13 |   0.0 |  1252
           D:4 |       0 |       2 |   0.0 |       0 |       1 |   0.0 |    76
               +---------+---------+-------+---------+---------+-------+---------
